 Dungeon Crawl Stone Soup version 0.25.0-46-gbd7b0854d2 (webtiles) character file.

Game seed: 7630784379286359773

101 WhoHaz the Skirmisher (level 4, -3/50 HPs)
             Began as an Ogre Berserker on July 13, 2020.
             Was a Believer of Trog.
             Splashed by a jelly's acid (5 damage)
             ... on level 3 of the Dungeon.
             The game lasted 00:11:48 (2705 turns).

WhoHaz the Skirmisher (Ogre Berserker)              Turns: 2705, Time: 00:11:49

Health: -3/50      AC: -5    Str: 22    XL:     4   Next: 75%
Magic:  4/4        EV: 10    Int:  8    God:    Trog [**....]
Gold:   155        SH:  0    Dex:  8    Spells: 3/3 levels left

rFire    . . .     SeeInvis .   a - +0 hand axe
rCold    . . .     Gourm    .   (no shield)
rNeg     . . .     Faith    .   b - +0 animal skin
rPois    .         Spirit   .   (helmet restricted)
rElec    .         Reflect  .   (no cloak)
rCorr    .         Harm     .   (gloves unavailable)
MR       .....                  (boots unavailable)
Stlth    +.........             (no amulet)
HPRegen  0.16/turn              (no ring)
MPRegen  0.09/turn              (no ring)

@: corroded
A: large, unfitting armour, tough skin 1
a: Berserk, Trog's Hand, Renounce Religion


You were on level 3 of the Dungeon.
You worshipped Trog.
Trog was pleased with you.
You were not hungry.

You visited 1 branch of the dungeon, and saw 3 of its levels.

You collected 155 gold pieces.

Inventory:

Hand Weapons
 a - a +0 hand axe (weapon)
Missiles
 f - 6 javelins (quivered)
Armour
 b - a +0 animal skin (worn)
Jewellery
 h - an uncursed ring of positive energy {unknown}
Scrolls
 d - a scroll of enchant weapon {unknown}
 g - a scroll of blinking {unknown}
 i - 3 scrolls of teleportation
 j - a scroll of random uselessness {unknown}
 l - a scroll of amnesia {unknown}
 m - 2 scrolls of identify {unknown}
 o - a scroll of magic mapping {unknown}
 p - 2 scrolls of remove curse
 r - a scroll of fear {unknown}
Potions
 e - a potion of lignification {unknown}
 k - a potion of flight {unknown}
 n - a potion of invisibility {unknown}
 q - a potion of curing {unknown}
 s - 2 potions of degeneration {unknown}
Comestibles
 c - 3 rations
 t - 5 chunks of flesh


   Skills:
 + Level 5.0 Fighting
 + Level 4.1 Axes
 + Level 3.4 Dodging
 + Level 0.1 Stealth


You had 3 spell levels left.
You didn't know any spells.
Your spell library was empty.

Dungeon Overview and Level Annotations

Branches:
Dungeon (3/15)

Altars:
Ru


Innate Abilities, Weirdness & Mutations

You are too large for most types of armour.
You have tough skin. (AC +1)


Message History

The jelly is lightly wounded.
The jelly hits you.
You are splashed with acid!
You slash the jelly!
Your hands burn!
The jelly is heavily wounded.
The jelly hits you but does no damage.
You hit the jelly.
Your hands burn!
The jelly is severely wounded.
The jelly hits you. The acid corrodes you!
You are splashed with acid!
You hit the jelly but do no damage.
Your hands burn!
The jelly is severely wounded.
The jelly hits you.
You are splashed with acid!
You hit the jelly but do no damage.
Your hands burn!
* * * LOW HITPOINT WARNING * * *
The jelly is severely wounded.
The jelly misses you. The jelly hits you.
* * * LOW HITPOINT WARNING * * *
The acid corrodes you!
You are splashed with acid!
* * * LOW HITPOINT WARNING * * *
You hit the jelly.
Your hands burn!
You die...

.# ##.
#<...#.##.......# #.
######.##.[..####
.... ..#.##....#####
#..# #.#.##........#
... #.)#
#.#.####......#
...##.#..#
#.#.......>...#
.......#..#
#.######......#
.......#..###J#
#......#
####'#....#..#.$@#
#......#
...#.#....#..#...#
#......#
.....#...........#
#......#
........###..#...#
#......#
...................#
#......#
........###..#...#.#
........+ .......#.#
........###......# #
........# #......#


You could see a jelly.

Vanquished Creatures
  3 adders
  An ooze (D:2)
  A worm (D:3)
  2 dart slugs
  2 leopard geckos (D:1)
  3 bats
  2 giant cockroaches
  10 goblins
  13 hobgoblins
  7 jackals
  2 ball pythons
  3 frilled lizards
  2 kobolds
  3 rats
54 creatures vanquished.

Notes
Turn   | Place    | Note
-------+----------+-------------------------------------------
     0 | D:1      | WhoHaz the Ogre Berserker began the quest for the Orb.
     0 | D:1      | Reached XP level 1. HP: 24/24 MP: 1/1
   166 | D:1      | Reached XP level 2. HP: 27/32 MP: 2/2
   796 | D:1      | Reached XP level 3. HP: 31/40 MP: 3/3
  1345 | D:2      | Reached ** piety under Trog
  1778 | D:2      | Found a sacrificial altar of Ru.
  1825 | D:2      | Reached XP level 4. HP: 46/49 MP: 4/4
  2306 | D:3      | Reached skill level 5 in Fighting
  2704 | D:3      | HP: 2/50 [acid (7)]
  2705 | D:3      | Splashed by a jelly's acid

Illustrated notes

Levels and vault maps discovered:
D:1:      scummos_arrival_simple_crosswalls, layout_basic, dk_noncrumbling_3
D:2:      layout_rooms, nicolae_ru_sacrificial_ziggurat, first_ration
D:3:      layout_basic

Skill      XL: |  1  2  3  4 |
---------------+-------------+-----
Dodging        | 3 |  3.4
Axes           | 4 |  4.1
Fighting       | 5 |  5.0
Stealth        | |  0.1

Action                   |  1- 3 |  4- 6 || total
-------------------------+-------+-------++-------
Melee: Hand axe          |   109 |    83 ||   192
Throw: Javelin           |       |     2 ||     2
Invok: Berserk           |     1 |       ||     1
       Trog's Hand       |       |     1 ||     1
  Use: Scroll            |     1 |     1 ||     2
  Eat: Ration            |     1 |       ||     1
       Chunk             |       |     4 ||     4
Armor: Animal skin       |    45 |    31 ||    76
Dodge: Dodged            |    75 |    43 ||   118
